 Dungeon Crawl Stone Soup version 0.30-a0-149-g7f746667c4 (webtiles) character file.

Game seed: 2857783821966650702

38 blackman the Slasher (level 3, -2/29 HPs)
             Began as a Human Monk on Sept 26, 2022.
             Slain by Pargi (4 damage)
             ... on level 3 of the Dungeon.
             The game lasted 00:04:49 (1735 turns).

blackman the Slasher (Human Monk)                   Turns: 1735, Time: 00:04:50

Health: -2/29      AC:  2    Str:  9 (11) XL:     3   Next: 65%
Magic:  3/3        EV: 13    Int:  9 (10) God:
Gold:   55         SH:  0    Dex: 16 (17) Spells: 2/2 levels left

rFire   . . .      SeeInvis .    a - +0 falchion
rCold   . . .      Faith    .    (no shield)
rNeg    . . .      Spirit   .    b - +0 robe
rPois   .          Reflect  .    (no helmet)
rElec   .          Harm     .    (no cloak)
rCorr   .          Rampage  .    (no gloves)
Will    .....                    (no boots)
Stlth   ++........               (no amulet)
HPRegen 0.09/turn                (no ring)
MPRegen 0.08/turn                (no ring)

@: mighty, brilliant
A: no striking features
a: no special abilities


You were on level 3 of the Dungeon.
You visited 1 branch of the dungeon, and saw 3 of its levels.

You collected 55 gold pieces.

Inventory:

Hand Weapons
 a - a +0 falchion (weapon)
Missiles
 j - 4 boomerangs (quivered)
Armour
 b - a +0 robe (worn)
Scrolls
 d - 5 scrolls of teleportation {unknown}
 i - 3 scrolls of vulnerability {unknown}


   Skills:
 - Level 3.0 Fighting
 + Level 4.4 Long Blades
 - Level 3.0 Dodging
 - Level 2.0 Stealth


You had 2 spell levels left.
You didn't know any spells.
Your spell library was empty.

Dungeon Overview and Level Annotations

Branches:
Dungeon (3/15)

Altars:

Annotations:
D:3 Pargi


Message History

You are confused.
You feel invigorated. Pargi completely misses you.
Pargi claws you but does no damage. Pargi claws you.
* * * LOW HITPOINT WARNING * * *
You're too confused to move!
Pargi snarls, "My home!
Leave!"
Pargi barely misses you. Pargi claws you but does no damage.
Pargi barely misses you.
You bump into the rock wall.
Pargi barely misses you. Pargi claws you but does no damage. Pargi misses you.
You feel less invigorated.
You feel less confused.
It was a potion of degeneration.
There was something very wrong with that liquid.
You feel weakened.
You feel dopey.
You feel clumsy.
It was a potion of might.
You feel very mighty all of a sudden.
Pargi is no longer moving slowly.
It was a potion of brilliance.
You feel clever all of a sudden. Pargi barely misses you.
Pargi claws you but does no damage. Pargi misses you.
You closely miss Pargi.
Pargi is lightly wounded.
Pargi bites you. Pargi claws you but does no damage. Pargi barely misses you.
You closely miss Pargi.
Pargi is lightly wounded.
Pargi barely misses you. Pargi claws you but does no damage. Pargi claws you.
You slash Pargi!
Pargi is moderately wounded.
Pargi bites you.
* * * LOW HITPOINT WARNING * * *
Pargi claws you.
* * * LOW HITPOINT WARNING * * *
Pargi barely misses you. Pargi closely misses you.
Pargi claws you but does no damage. Pargi claws you.
* * * LOW HITPOINT WARNING * * *
You slash Pargi!
Pargi is heavily wounded.
Pargi bites you.
You die...

#. #.
##.#######
#####(.......
#...(.....#
#.....# ##
####.#..# ..
.....#.T##.###.
##...†@.......
##.##<##.####
#. #.# # #. #.#
.. ..# ###


You could see Pargi (poisoned).

Vanquished Creatures
  An adder (D:2)
  4 worms (D:2)
  2 ball pythons (D:2)
  An endoplasm (D:2)
  A giant cockroach (D:2)
  A goblin (D:2)
  A hobgoblin (D:2)
  2 kobolds (D:2)
  4 bats
  2 frilled lizards (D:2)
  2 rats (D:2)
21 creatures vanquished.

Notes
Turn   | Place    | Note
-------+----------+-------------------------------------------
     0 | D:1      | blackman the Human Monk began the quest for the Orb.
     0 | D:1      | Reached XP level 1. HP: 18/18 MP: 1/1
    57 | D:1      | You fall into a shaft and drop 1 floor!
   464 | D:2      | Upgraded the game from 0.30-a0-141-g30f27751c5 to
                  | 0.30-a0-149-g7f746667c4
   471 | D:2      | Reached XP level 2. HP: 24/24 MP: 2/2
   565 | D:2      | Reached skill level 4 in Long Blades
   565 | D:2      | Reached XP level 3. HP: 25/29 MP: 3/3
  1711 | D:3      | Noticed Pargi
  1735 | D:3      | Slain by Pargi

Illustrated notes

Levels and vault maps discovered:
D:1:      dpeg_arrival_erosion, layout_loops_cross,
          shapermc_ecumenical_altar_acropolis
D:2:      layout_rooms, nicolae_titane
D:3:      minmay_inner_zag, layout_loops_corners, lemuel_round_altar,
          serial_park_tiny_2, uniq_pargi, uniq_ijyb

Skill      XL: |  1  2 |
---------------+-------+-----
Long Blades    | 4 |  4.4
Fighting       | |  3.0
Dodging        | |  3.0
Stealth        | |  2.0

Action                   || total
-------------------------++-------
Melee: Falchion          ||    94
Throw: Dart              ||     7
  Use: Potion            ||     4
 Stab: Sleeping          ||     6
Armor: Robe              ||    30
Dodge: Dodged            ||    67

Table legend: (Time is in decaauts)
 A = Elapsed time spent in this place.
 B = Non-inter-level travel time spent in this place.
 C = Inter-level travel time spent in this place.
 D = Time resting spent in this place.
 E = Time spent auto-exploring this place.
 F = Levels seen in this place.
 G = Mean time per level.
                   A        B        C        D        E       F      G
               +--------+--------+--------+--------+--------+-----+--------+
         Total |   1744 |   1706 |     38 |    510 |    939 |   3 |  581.3 |
       Dungeon |   1744 |   1706 |     38 |    510 |    939 |   3 |  581.3 |
               +--------+--------+--------+--------+--------+-----+--------+

Top non-repeatable levels by time:
     D:2: 1661 daAuts
     D:1: 57 daAuts
     D:3: 26 daAuts
